 Dungeon Sprint DCSS version bcrawl-1.21 (webtiles) character file.

Game seed: 443027671594310076

773 Freyura the Slicer (level 7, -5/48 HPs)
             Began as a Skeleton Fighter on Feb 15, 2020.
             Was a Follower of Makhleb.
             Slain by a purple ugly thing (6 damage)
             ... in the Dungeon (Sprint IX: "|||||||||||||||||||||||||||||").
             The game lasted 00:04:02 (310 turns).

Freyura the Slicer (Skeleton Fighter)                Turns: 310, Time: 00:04:03

Health: -5/48      AC: 20    Str: 25    XL:     7   Next: 53%
Magic:  0/10       EV: 12    Int:  7    God:    Makhleb [*.....]
Gold:   0          SH: 11    Dex: 10    Spells: 6/6 levels left

rFire    . . .     SeeInvis .   h - +2 rapier (protect)
rCold    + . .     Gourm    .   c - +0 shield
rNeg     + + +     Faith    .   k - +1 scale mail
rPois    ∞         Spirit   +   (no helmet)
rElec    .         Reflect  .   i - +0 cloak
rCorr    .         Harm     .   j - +0 pair of gloves
MR       +....     NoTele   +   (no boots)
Stlth    ..........             (no amulet)
HPRegen  0.16/turn              l - +2 ring of protection
MPRegen  0.12/turn              m - +3 ring of strength

@: protection aura
A: no food or potions, cold resistance 1, deterioration 1, negative energy
resistance 3, powered by death 1, torment resistance, unbreathing, magic shield,
sturdy frame 1, spell healing
a: Renounce Religion


You were in the Dungeon.
You worshipped Makhleb.
Makhleb was aware of your devotion.
You were not hungry.

You visited 1 branch

Inventory:

Hand Weapons
 h - a +2 rapier of protection (weapon)
Armour
 c - a +0 shield (worn)
 i - a +0 cloak (worn)
 j - a +0 pair of gloves (worn)
 k - a +1 scale mail (worn)
Jewellery
 l - a +2 ring of protection (left hand)
 m - a +3 ring of strength (right hand)
Wands
 g - a wand of iceblast (10)
Scrolls
 d - 2 scrolls of blinking
 e - 3 scrolls of remove curse
 f - 2 scrolls of amnesia


   Skills:
 + Level 7.0 Fighting
 * Level 10.8 Short Blades
 + Level 7.9 Armour
 + Level 6.2 Dodging
 + Level 8.4 Shields
 + Level 5.2 Invocations


You had 6 spell levels left.
You didn't know any spells.
Your spell library was empty.

Dungeon Overview and Level Annotations

Branches:
Dungeon (1/1)

Altars:
Cheibriados
Dithmenos
Elyvilon
Fedhas
Gozag
Hepliaklqana
Kikubaaqudgha
Lugonu
Makhleb
Nemelex Xobeh
Okawaru
Qazlal
Ru
Sif Muna
Trog
Uskayaw
Vehumet
Wu Jian
Xom
Yredelemnul
Zin
The Shining One
Beogh
Jiyva


Innate Abilities, Weirdness & Mutations

You do not eat or drink.
You are immune to poison.
Your flesh is cold resistant. (rC+)
Your body sometimes deteriorates upon taking damage.
You are immune to negative energy. (rN+++)
You regenerate a little health from kills.
You are immune to unholy pain and torment.
You can survive without breathing.
When hurt, damage is shared between your health and your magic reserves.
Your movements are slightly less encumbered by armour. (ER -2)
Casting spells heals you.


Message History

Your Invocations skill gained 3 levels and is now at level 5!
You have reached level 5!
You have reached level 6!
Your experience leads to an increase in your attributes!
Your base attributes are Str 22, Int 7, Dex 9.
Increase (S)trength, (I)ntelligence, or (D)exterity?
You feel agile. A wave of death washes over you.
You have reached level 7!
You barely miss the purple ugly thing. The purple ugly thing engulfs you.
* * * LOW HITPOINT WARNING * * *
You hit the purple ugly thing.
The purple ugly thing is lightly wounded.
You block the purple ugly thing's attack.
You puncture the purple ugly thing!
The purple ugly thing is moderately wounded.
You hit the purple ugly thing but do no damage.
The purple ugly thing is moderately wounded.
The purple ugly thing engulfs you.
You die... ▓▓▓▓▓▓▓▓▓▓▓▓▓▓▓▓▓▓▓▓▓▓▓▓ +....au@[....)|.!'______ ▓▓▓▓▓▓▓▓▓▓▓▓▓▓▓▓▓▓▓▓▓▓▓▓

You could see a purple ugly thing and a worker ant.

Vanquished Creatures
  A centaur warrior (D)
  A necrophage (D)
  An iguana (D)
  2 shadow imps (D)
  2 bats (D)
  A bat skeleton (D)
  A bat zombie (D)
  A goblin (D)
  A kobold (D)
  A leopard gecko skeleton (D)
  A leopard gecko zombie (D)
  A rat (D)
14 creatures vanquished.

Notes
Turn   | Place    | Note
-------+----------+-------------------------------------------
     0 | D        | Freyura the Skeleton Fighter began the quest for the Orb.
     0 | D        | Reached XP level 1. HP: 14/14 MP: 1/1
    12 | D        | Reached skill level 3 in Short Blades
    15 | D        | Reached skill level 1 in Dodging
   182 | D        | Reached skill level 4 in Short Blades
   182 | D        | Reached XP level 2. HP: 19/19 MP: 2/2
   199 | D        | Found a roughly hewn altar of Beogh.
   199 | D        | Found a snail-covered altar of Cheibriados.
   199 | D        | Found a shadowy altar of Dithmenos.
   199 | D        | Found a white marble altar of Elyvilon.
   199 | D        | Found a blossoming altar of Fedhas.
   199 | D        | Found an opulent altar of Gozag.
   200 | D        | Found a hazy altar of Hepliaklqana.
   201 | D        | Found a viscous altar of Jiyva.
   202 | D        | Found an ancient bone altar of Kikubaaqudgha.
   203 | D        | Found a corrupted altar of Lugonu.
   204 | D        | Found a burning altar of Makhleb.
   205 | D        | Found a sparkling altar of Nemelex Xobeh.
   206 | D        | Found an iron altar of Okawaru.
   207 | D        | Found a stormy altar of Qazlal.
   208 | D        | Found a sacrificial altar of Ru.
   209 | D        | Found a shimmering blue altar of Sif Muna.
   210 | D        | Found a bloodstained altar of Trog.
   211 | D        | Found a hide-covered altar of Uskayaw.
   212 | D        | Became a worshipper of Makhleb the Destroyer
   213 | D        | Found a radiant altar of Vehumet.
   214 | D        | Found an ornate altar of the Wu Jian Council.
   215 | D        | Found a shimmering altar of Xom.
   216 | D        | Found a basalt altar of Yredelemnul.
   217 | D        | Found a glowing silver altar of Zin.
   218 | D        | Found a glowing golden altar of the Shining One.
   270 | D        | Noticed a purple ugly thing
   270 | D        | Noticed a centaur warrior
   270 | D        | Noticed a necrophage
   279 | D        | Reached skill level 5 in Short Blades
   279 | D        | Reached skill level 1 in Invocations
   279 | D        | Reached XP level 3. HP: 9/24 MP: 0/3
   288 | D        | Killed a necrophage
   288 | D        | Reached * piety under Makhleb
   288 | D        | Reached skill level 6 in Short Blades
   288 | D        | Reached skill level 5 in Armour
   288 | D        | Reached skill level 5 in Shields
   288 | D        | Reached XP level 4. HP: 9/30 MP: 1/5
   306 | D        | Killed a centaur warrior
   306 | D        | Reached skill level 10 in Short Blades
   306 | D        | Reached skill level 5 in Invocations
   306 | D        | Reached XP level 5. HP: 3/38 MP: 1/8
   306 | D        | Gained mutation: You regenerate a little health from kills.
                  | [Skeleton growth]
   306 | D        | Reached XP level 6. HP: 3/44 MP: 1/9
   306 | D        | Reached XP level 7. HP: 4/48 MP: 1/10
   307 | D        | HP: 1/48 [purple ugly thing (3)]
   310 | D        | Slain by a purple ugly thing

Skill      XL: |  1  2  3  4 |
---------------+-------------+-----
Short Blades   | 4 5 6 10 | 10.8
Dodging        | 1 2 3 6 |  6.2
Shields        | 4 5 8 |  8.4
Armour         | 4 5 7 |  7.9
Invocations    | 1 2 5 |  5.2
Fighting       | 4 7 |  7.0

Action                   |  1- 3 |  4- 6 |  7- 9 || total
-------------------------+-------+-------+-------++-------
Melee: Rapier            |    45 |    17 |     4 ||    66
Armor: Scale mail        |    17 |     5 |       ||    22
Dodge: Dodged            |    11 |     5 |       ||    16
Block: Shield            |    18 |    11 |     1 ||    30
